 Dungeon Crawl Stone Soup version 0.23.2-33-g5129a83184 (webtiles) character file.

Game seed: 7001235841297479134

37816 dragonscale333 the Destroyer (level 13, -6/99 HPs)
             Began as a Gnoll Conjurer on July 1, 2019.
             Was a High Priest of Nemelex Xobeh.
             Mangled by an eight-headed hydra (13 damage)
             ... on level 2 of the Lair of Beasts.
             The game lasted 00:58:34 (24868 turns).

dragonscale333 the Destroyer (Gnoll Conjurer)      Turns: 24868, Time: 00:58:35

Health: -6/99      AC: 10    Str: 10    XL:     13   Next: 99%
Magic:  19/27      EV: 19    Int: 22    God:    Nemelex Xobeh [*****.]
Gold:   585        SH:  0    Dex: 17    Spells: 20/32 levels left

rFire    . . .     SeeInvis +   M - +6 scythe (venom)
rCold    + . .     Gourm    .   (shield currently unavailable)
rNeg     . . .     Faith    .   S - +2 robe {rC+}
rPois    +         Spirit   .   T - +0 hat {MR+}
rElec    .         Reflect  .   Y - +2 cloak {rPois}
rCorr    .         Harm     .   H - +1 pair of gloves
MR       +....                  (no boots)
Stlth    ++++......             (no amulet)
HPRegen  0.26/turn              r - ring of see invisible
MPRegen  0.20/turn              (no ring)

@: no status effects
A: distributed training, fangs 1, strong nose
a: Draw Escape, Draw Destruction, Draw Summoning, Triple Draw, Deal Four, Stack
Five, Renounce Religion


You were on level 2 of the Lair of Beasts.
You worshipped Nemelex Xobeh.
Nemelex Xobeh was extremely pleased with you.
You were not hungry.

You visited 2 branches of the dungeon, and saw 14 of its levels.
You also visited: Ossuary and Ice Cave.

You collected 961 gold pieces.
You spent 376 gold pieces at shops.

Inventory:

Hand Weapons
 u - a +4 double sword
 L - the +2 falchion of the Spectre {slice, MR+}
   (You found it on level 7 of the Dungeon)

   It inflicts extra damage upon your enemies.
   It affects your resistance to hostile enchantments.
 M - a +6 scythe of venom (weapon)
 R - the cursed +1 scimitar of Calamity {slice, Int+3}
   (You found it on level 9 of the Dungeon)

   It inflicts extra damage upon your enemies.
   It affects your intelligence (+3).
   It has a curse placed upon it.
Missiles
 t - 22 tomahawks (quivered)
 G - 10 javelins
Armour
 s - a +2 robe of positive energy
 A - a +3 leather armour of poison resistance
 D - a scarf of resistance
 H - a +1 pair of gloves (worn)
 S - a +2 robe of cold resistance (worn)
 T - a +0 hat of magic resistance (worn)
 Y - a +2 cloak of poison resistance (worn)
Magical Staves
 j - an uncursed staff of death
 N - an uncursed staff of fire
Jewellery
 r - a ring of see invisible (left hand)
Wands
 a - a wand of disintegration (38)
 w - a wand of flame (16)
 C - a wand of paralysis (18)
 I - a wand of digging (3)
 J - a wand of polymorph (5)
Scrolls
 b - 8 scrolls of teleportation
 d - a scroll of noise
 g - 5 scrolls of identify
 h - 2 scrolls of fear
 k - 6 scrolls of enchant armour
 o - a scroll of magic mapping
 y - 5 scrolls of remove curse
 z - 3 scrolls of blinking
 F - a scroll of enchant weapon
 K - a scroll of summoning
Potions
 e - 7 potions of heal wounds
 f - a potion of ambrosia {unknown}
 i - a potion of invisibility {unknown}
 m - 3 potions of lignification
 n - 3 potions of agility
 p - 2 potions of cancellation
 q - a potion of berserk rage
 v - a potion of might {unknown}
 x - 8 potions of mutation
 B - 6 potions of curing
 E - 3 potions of brilliance
 O - 2 potions of haste
 P - 2 potions of magic
 Q - a potion of resistance {unknown}
 U - 2 potions of flight
Miscellaneous
 X - a lightning rod (4/4)
Comestibles
 c - 26 rations


   Skills:
 + Level 8.6 Fighting
 + Level 8.6 Short Blades
 + Level 8.6 Long Blades
 + Level 8.6 Axes
 + Level 8.6 Maces & Flails
 + Level 8.6 Polearms
 + Level 8.6 Staves
 + Level 8.6 Slings
 + Level 8.6 Bows
 + Level 8.6 Crossbows
 + Level 8.6 Throwing
 + Level 8.6 Armour
 + Level 9.8 Dodging
 + Level 9.6 Stealth
 + Level 8.6 Shields
 + Level 8.6 Unarmed Combat
 + Level 10.0 Spellcasting
 + Level 10.1 Conjurations
 + Level 7.2 Hexes
 + Level 7.2 Charms
 + Level 7.2 Summonings
 + Level 7.2 Necromancy
 + Level 7.2 Translocations
 + Level 7.2 Transmutations
 + Level 7.2 Fire Magic
 + Level 7.2 Ice Magic
 + Level 7.2 Air Magic
 + Level 7.2 Earth Magic
 + Level 7.2 Poison Magic
 + Level 9.4 Invocations
 + Level 8.6 Evocations


You had 20 spell levels left.
You knew the following spells:

 Your Spells              Type           Power        Failure   Level  Hunger
a - Magic Dart            Conj           ####         1%          1    None
b - Searing Ray           Conj           ######       1%          2    None
c - Iskenderun's Mystic   Conj           ######..     1%          4    ##.....
d - Mephitic Cloud        Conj/Pois/Air  #####...     1%          3    None
e - Blink                 Tloc           N/A          1%          2    None

Your spell library contained the following spells:

 Spells                   Type           Power        Failure   Level  Hunger
 Beastly Appendage        Tmut           #####.       1%          1    None
 Confusing Touch          Hex            #####.       1%          1    None
 Call Imp                 Summ           #####...     1%          2    None
 Ensorcelled Hibernation  Hex/Ice        #####.       1%          2    None
 Slow                     Hex            #####...     1%          2    None
 Sticks to Snakes         Tmut           #####...     1%          2    None
 Confuse                  Hex            #####...     1%          3    None
 Conjure Flame            Conj/Fire      #####...     1%          3    None
 Dazzling Spray           Conj/Hex       #####.       1%          3    None
 Gell's Gravitas          Tloc           #####.....   1%          3    None
 Spider Form              Tmut/Pois      #####.....   1%          3    None
 Force Lance              Conj/Tloc      #####...     1%          4    ##.....
 Fulminant Prism          Conj/Hex       #####.....   1%          4    ##.....
 Ice Form                 Ice/Tmut       #####...     3%          4    ##.....
 Petrify                  Tmut/Erth      #####...     3%          4    ##.....
 Blade Hands              Tmut           #####.....   9%          5    ####...
 Borgnjor's Vile Clutch   Necr/Erth      #####.....   9%          5    ####...
 Metabolic Englaciation   Hex/Ice        #####.....   9%          5    ####...
 Silence                  Hex/Air        #####.....   9%          5    ####...
 Yara's Violent Unravell  Hex/Tmut       #####.....   9%          5    ####...
 Darkness                 Hex            #####.....   43%         6    ######.
 Shadow Creatures         Summ           N/A          43%         6    ######.


Dungeon Overview and Level Annotations

Branches:
Dungeon (12/15)            Temple (0/1) D:6            Lair (2/6) D:11
 Shoals (0/4) Lair:2          Orc (0/2) D:10
  Snake: Lair:2-4    Spider: Lair:2-4

Altars:
Dithmenos
Elyvilon
Makhleb
Nemelex Xobeh
Qazlal
Sif Muna
Trog
Uskayaw
Wu Jian
Xom
Yredelemnul

Shops:
D:6 =   D:9 }   D:10 *?

Annotations:
D:10 2 transporters


Innate Abilities, Weirdness & Mutations

Your experience applies equally to all skills.
You have very sharp teeth.
Your uncanny sense of smell can sniff out nearby items.


Message History

Press: ? - help, Shift-Dir - straight line, f/p - eight-headed hydra
Aim: an eight-headed hydra (almost dead) Really fire in your basilisk's direction?
The orb of energy hits the eight-headed hydra!
The eight-headed hydra is almost dead.
The orb of energy explodes!
The mystic blast hits your basilisk!
Your basilisk is heavily wounded.
The eight-headed hydra bites you!
* * * LOW HITPOINT WARNING * * *
The eight-headed hydra completely misses you.
The eight-headed hydra bites you.
* * * LOW HITPOINT WARNING * * *
The eight-headed hydra closely misses you.
The eight-headed hydra bites you.
* * * LOW HITPOINT WARNING * * *
The eight-headed hydra bites you.
* * * LOW HITPOINT WARNING * * *
The eight-headed hydra bites you!
You die...
Your body disappears without a glow.

≈.≈≈≈≈..##
##...#
≈≈≈≈≈≈..#
#....#
≈≈≈≈≈≈..#
#....#
≈≈≈≈.≈..#
###..#
≈≈.≈...##
#.##
####..##
#..# ###
#.l##
#°D.#
##@#.#
#.####
####.#
#.#.##
##..# #.##
##.# ###


You could see an eight-headed hydra and a basilisk.

Vanquished Creatures
  Josephine (D:11)
  Fannar (D:12)
  Harold (D:10)
  A hydra (Lair:1)
  A two-headed ogre (D:11)
  Urug (Lair:1)
  Nergalle (D:10)
  3 skeletal warriors (D:9)
  An unseen horror (D:10)
  3 deep elf magi
  A cyclops (D:7)
  Maurice (D:12)
  3 manticores
  A merfolk siren (Lair:2)
  Joseph (D:7)
  2 ice statues
  A black mamba (Lair:1)
  A gargoyle (D:12)
  2 spiny frogs (Lair:1)
  A rime drake (Lair:1)
  2 komodo dragons (Lair:2)
  15 polar bears (IceCv)
  2 merfolk (Lair:2)
  A troll (D:11)
  7 hippogriffs
  6 slime creatures (D:12)
  2 dream sheep (D:8)
  A spriggan (D:9)
  2 wyverns
  3 wraiths
  41 yaks
  A basilisk (D:12)
  6 water moccasins
  A porcupine (Lair:1)
  6 orc warriors
  An eye of draining (D:8)
  6 sky beasts
  6 ice beasts
  2 black bears
  A necrophage (D:10)
  8 ogres
  2 phantoms
  9 wolves (IceCv)
  22 centaurs
  A crocodile (D:7)
  2 wyvern zombies
  14 bullfrogs
  3 water moccasin zombies (Ossuary)
  2 wyvern skeletons
  A scorpion (Lair:1)
  13 killer bees
  5 wights (D:9)
  4 howler monkeys
  2 electric eels (D:8)
  6 crimson imps
  A lava snake (D:12)
  3 centaur zombies
  A jelly (D:7)
  A bullfrog zombie (D:12)
  2 centaur skeletons
  6 hounds
  12 orc priests
  Crazy Yiuf (D:7)
  14 orc wizards
  2 iguanas
  10 worker ants
  3 big kobold zombies (Ossuary)
  A hound skeleton (D:4)
  3 mummies
  4 worker ant zombies
  7 gnolls
  2 howler monkey skeletons
  7 adders
  7 river rats (D:5)
  4 shadow imps
  An ooze (D:1)
  4 adder zombies (Ossuary)
  5 worms
  A dart slug (D:1)
  3 leopard geckos
  42 orcs
  2 giant cockroaches (D:3)
  4 gnoll zombies (Ossuary)
  7 goblins
  9 hobgoblins
  3 jackals (D:3)
  10 kobolds
  4 quokkas
  4 ball pythons
  6 bats
  6 frilled lizards
  6 hobgoblin zombies (Ossuary)
  7 kobold zombies (Ossuary)
  A leopard gecko zombie (D:5)
  5 orc zombies (Ossuary)
  2 quokka skeletons (D:5)
  27 rats
  A spectral orc (D:4)
  A butterfly (Lair:2)
486 creatures vanquished.

Vanquished Creatures (collateral kills)
  A frost giant (IceCv)
  A hydra (D:12)
  A polar bear (IceCv)
  2 dream sheep (D:8)
  2 wraiths (D:11)
  A yak (IceCv)
  A centaur zombie (D:5)
  A leopard gecko (D:9)
  An orc (D:5)
11 creatures vanquished.

Vanquished Creatures (others)
  A merfolk (Lair:2)
  A dream sheep (D:8)
  An electric eel (Lair:2)
  A fungus (Lair:1)
  A plant (Lair:2)
5 creatures vanquished.

Grand Total: 502 creatures vanquished

Notes
Turn   | Place    | Note
-------+----------+-------------------------------------------
     0 | D:1      | dragonscale333 the Gnoll Conjurer began the quest for the
                  | Orb.
     0 | D:1      | Reached XP level 1. HP: 13/13 MP: 6/6
   304 | D:1      | Reached XP level 2. HP: 19/19 MP: 5/7
   360 | D:1      | Learned a level 2 spell: Searing Ray
   956 | D:1      | Reached XP level 3. HP: 25/25 MP: 7/9
  1124 | D:1      | Reached skill level 5 in Spellcasting
  1701 | D:2      | Found a sparkling altar of Nemelex Xobeh.
  1702 | D:2      | Found a stormy altar of Qazlal.
  1703 | D:2      | Found a bloodstained altar of Trog.
  1867 | D:2      | Found a shadowy altar of Dithmenos.
  1882 | D:2      | Became a worshipper of Nemelex Xobeh the Trickster
  1899 | D:2      | Found a faded altar of an unknown god.
  1904 | D:2      | Received a gift from Nemelex Xobeh
  1921 | D:2      | Reached skill level 1 in Invocations
  1942 | D:2      | Found an ornate altar of the Wu Jian Council.
  1946 | D:2      | Found a deep blue altar of Sif Muna.
  1949 | D:2      | Found a hide-covered altar of Uskayaw.
  1953 | D:2      | Found a white marble altar of Elyvilon.
  2401 | D:3      | Reached skill level 1 in Fighting
  2401 | D:3      | Reached skill level 1 in Short Blades
  2401 | D:3      | Reached skill level 1 in Long Blades
  2401 | D:3      | Reached skill level 1 in Axes
  2401 | D:3      | Reached skill level 1 in Maces & Flails
  2401 | D:3      | Reached skill level 1 in Polearms
  2401 | D:3      | Reached skill level 1 in Staves
  2401 | D:3      | Reached skill level 1 in Slings
  2401 | D:3      | Reached skill level 1 in Bows
  2401 | D:3      | Reached skill level 1 in Crossbows
  2401 | D:3      | Reached skill level 1 in Throwing
  2401 | D:3      | Reached skill level 1 in Armour
  2401 | D:3      | Reached skill level 1 in Shields
  2401 | D:3      | Reached skill level 1 in Unarmed Combat
  2401 | D:3      | Reached skill level 1 in Evocations
  2460 | D:3      | Reached XP level 4. HP: 32/32 MP: 6/11
  2548 | D:3      | Reached skill level 1 in Hexes
  2548 | D:3      | Reached skill level 1 in Charms
  2548 | D:3      | Reached skill level 1 in Summonings
  2548 | D:3      | Reached skill level 1 in Necromancy
  2548 | D:3      | Reached skill level 1 in Translocations
  2548 | D:3      | Reached skill level 1 in Transmutations
  2548 | D:3      | Reached skill level 1 in Fire Magic
  2548 | D:3      | Reached skill level 1 in Ice Magic
  2548 | D:3      | Reached skill level 1 in Air Magic
  2548 | D:3      | Reached skill level 1 in Earth Magic
  2548 | D:3      | Reached skill level 1 in Poison Magic
  2866 | D:3      | Reached XP level 5. HP: 37/37 MP: 8/12
  3172 | D:3      | Reached * piety under Nemelex Xobeh
  3597 | D:3      | Found a burning altar of Makhleb.
  3602 | D:3      | Reached XP level 6. HP: 44/44 MP: 7/13
  4433 | D:4      | You fall through a shaft for 2 floors!
  4434 | D:6      | Noticed a sky beast
  4437 | D:6      | Killed a sky beast
  4437 | D:6      | Reached skill level 5 in Dodging
  4533 | D:6      | Learned a level 4 spell: Iskenderun's Mystic Blast
  4537 | D:6      | Learned a level 3 spell: Mephitic Cloud
  4582 | D:6      | Noticed an orc warrior
  4587 | D:6      | Killed an orc warrior
  4587 | D:6      | Reached XP level 7. HP: 42/50 MP: 9/15
  4834 | D:6      | Reached skill level 5 in Stealth
  4968 | D:6      | Found a staircase to the Ecumenical Temple.
  5396 | D:6      | Reached XP level 8. HP: 52/57 MP: 11/16
  5430 | D:6      | Found Juitiuch's Jewellery Shoppe.
  5436 | D:6      | Bought a cursed -3 ring of protection for 20 gold pieces
  5490 | D:6      | Reached ** piety under Nemelex Xobeh
  5527 | D:5      | Entered Level 5 of the Dungeon
  6272 | D:5      | Received a gift from Nemelex Xobeh
  6333 | D:5      | Reached XP level 9. HP: 55/65 MP: 2/18
  7364 | D:4      | Found a basalt altar of Yredelemnul.
  7565 | D:4      | Learned a level 2 spell: Blink
  7671 | D:7      | Found a sand-covered staircase.
  7704 | Ossuary  | Entered an ossuary
  7704 | Ossuary  | Received a gift from Nemelex Xobeh
  8729 | D:7      | Found a runed translucent door.
  8730 | D:7      | Noticed Crazy Yiuf
  8736 | D:7      | Killed Crazy Yiuf
  8879 | D:7      | Received a gift from Nemelex Xobeh
  8960 | D:7      | Reached *** piety under Nemelex Xobeh
  8980 | D:7      | Noticed Joseph
  8989 | D:7      | Killed Joseph
  8989 | D:7      | Reached skill level 5 in Invocations
  9226 | D:7      | Reached XP level 10. HP: 73/73 MP: 16/20
  9308 | D:7      | Found a runed translucent door.
  9603 | D:7      | Noticed a cyclops
  9603 | D:7      | Noticed a deep elf mage
  9795 | D:7      | Killed a cyclops
  9795 | D:7      | Reached skill level 5 in Fighting
  9795 | D:7      | Reached skill level 5 in Short Blades
  9795 | D:7      | Reached skill level 5 in Long Blades
  9795 | D:7      | Reached skill level 5 in Axes
  9795 | D:7      | Reached skill level 5 in Maces & Flails
  9795 | D:7      | Reached skill level 5 in Polearms
  9795 | D:7      | Reached skill level 5 in Staves
  9795 | D:7      | Reached skill level 5 in Slings
  9795 | D:7      | Reached skill level 5 in Bows
  9795 | D:7      | Reached skill level 5 in Crossbows
  9795 | D:7      | Reached skill level 5 in Throwing
  9795 | D:7      | Reached skill level 5 in Armour
  9795 | D:7      | Reached skill level 5 in Shields
  9795 | D:7      | Reached skill level 5 in Unarmed Combat
  9795 | D:7      | Reached skill level 5 in Evocations
  9875 | D:7      | Killed a deep elf mage
  9955 | D:7      | Got a faintly glowing falchion
  9967 | D:7      | Identified the +2 falchion of the Spectre {slice, MR+} (You
                  | found it on level 7 of the Dungeon)
 10797 | D:8      | Found a burning altar of Makhleb.
 10899 | D:8      | Received a gift from Nemelex Xobeh
 11237 | D:8      | Found a shimmering altar of Xom.
 11675 | D:8      | Received a gift from Nemelex Xobeh
 11870 | D:9      | Reached **** piety under Nemelex Xobeh
 11925 | D:9      | Reached XP level 11. HP: 75/81 MP: 19/22
 11951 | D:9      | Found Niakhyfa's Gadget Shoppe.
 12011 | D:9      | Received a gift from Nemelex Xobeh
 12021 | D:9      | Noticed a skeletal warrior
 12024 | D:9      | Noticed a skeletal warrior
 12027 | D:9      | Identified the -1 long sword of Linearity {venom, *Drain
                  | MR+ Str+2}
 12027 | D:9      | Noticed a skeletal warrior
 12049 | D:9      | Killed a skeletal warrior
 12051 | D:9      | Killed a skeletal warrior
 12071 | D:9      | Killed a skeletal warrior
 12071 | D:9      | Reached skill level 5 in Hexes
 12071 | D:9      | Reached skill level 5 in Charms
 12071 | D:9      | Reached skill level 5 in Summonings
 12071 | D:9      | Reached skill level 5 in Necromancy
 12071 | D:9      | Reached skill level 5 in Translocations
 12071 | D:9      | Reached skill level 5 in Transmutations
 12071 | D:9      | Reached skill level 5 in Fire Magic
 12071 | D:9      | Reached skill level 5 in Ice Magic
 12071 | D:9      | Reached skill level 5 in Air Magic
 12071 | D:9      | Reached skill level 5 in Earth Magic
 12071 | D:9      | Reached skill level 5 in Poison Magic
 12350 | D:9      | Received a gift from Nemelex Xobeh
 12601 | D:9      | Got a jewelled scimitar
 13410 | D:10     | Entered Level 10 of the Dungeon
 13416 | D:10     | Received a gift from Nemelex Xobeh
 13429 | D:10     | Found a transporter.
 13431 | D:10     | Noticed a harpy
 13431 | D:10     | Noticed a glowing orange brain
 13438 | D:10     | Found a staircase to the Orcish Mines.
 13460 | D:10     | Found a shadowy altar of Dithmenos.
 13764 | D:10     | Found a transporter.
 13770 | D:10     | Noticed a cyclops
 13780 | D:10     | Noticed an unseen horror
 13785 | D:10     | Killed an unseen horror
 13922 | D:10     | Found Oschifipn's General Store.
 13931 | D:10     | Bought a potion of heal wounds for 70 gold pieces
 13931 | D:10     | Bought a scroll of identify for 28 gold pieces
 13931 | D:10     | Bought a scroll of identify for 28 gold pieces
 13931 | D:10     | Identified the cursed +1 scimitar of Calamity {slice,
                  | Int+3} (You found it on level 9 of the Dungeon)
 14008 | D:10     | Noticed Harold
 14046 | D:10     | Killed Harold
 14420 | D:10     | Found Barixt's Magic Scroll Boutique.
 14426 | D:10     | Received a gift from Nemelex Xobeh
 14428 | D:10     | Bought a scroll of identify for 22 gold pieces
 14428 | D:10     | Bought a scroll of identify for 22 gold pieces
 14428 | D:10     | Bought a scroll of identify for 22 gold pieces
 14428 | D:10     | Bought a scroll of identify for 22 gold pieces
 14428 | D:10     | Bought a scroll of identify for 22 gold pieces
 14428 | D:10     | Bought a scroll of fear for 38 gold pieces
 14428 | D:10     | Bought a scroll of blinking for 82 gold pieces
 14636 | D:10     | Noticed Nergalle
 14653 | D:10     | Killed Nergalle
 15239 | D:11     | Noticed a manticore
 15257 | D:11     | Killed a manticore
 15264 | D:11     | Reached XP level 12. HP: 42/89 MP: 7/24
 15502 | D:11     | Noticed a two-headed ogre
 15515 | D:11     | Killed a two-headed ogre
 15941 | D:11     | Noticed Josephine
 15955 | D:11     | Killed Josephine
 16154 | D:11     | Reached ***** piety under Nemelex Xobeh
 16163 | D:11     | Found a staircase to the Lair.
 16200 | D:11     | Received a gift from Nemelex Xobeh
 17005 | D:12     | Noticed Fannar
 17016 | D:12     | Killed Fannar
 17139 | D:12     | HP: 3/91 [deep elf mage/bolt of fire (28)]
 17351 | D:12     | Found a frozen archway.
 17353 | D:12     | Received a gift from Nemelex Xobeh
 17440 | D:12     | Got an ichor-stained helmet
 17441 | D:12     | Identified the +1 helmet of the Orb {-Cast rN+ MR+++ Dex+4}
                  | (You found it on level 12 of the Dungeon)
 17466 | IceCv    | Entered an ice cave
 19101 | IceCv    | Noticed a frost giant
 19148 | IceCv    | Killed a frost giant
 19148 | IceCv    | Reached XP level 13. HP: 47/98 MP: 23/26
 20245 | D:12     | Received a gift from Nemelex Xobeh
 22126 | D:12     | Noticed Maurice
 22210 | D:12     | Killed Maurice
 22562 | D:12     | Received a gift from Nemelex Xobeh
 22595 | D:12     | Identified the +0 long sword of Kismet {slice, *Drain
                  | Int+5}
 22602 | D:12     | Reached skill level 10 in Conjurations
 22897 | Lair:1   | Entered Level 1 of the Lair of Beasts
 23535 | Lair:1   | Received a gift from Nemelex Xobeh
 23563 | Lair:1   | Noticed Urug
 23578 | Lair:1   | Killed Urug
 24268 | Lair:2   | Received a gift from Nemelex Xobeh
 24694 | Lair:2   | Found a staircase to the Shoals.
 24784 | Lair:2   | Reached skill level 10 in Spellcasting
 24868 | Lair:2   | Mangled by an eight-headed hydra

Skill      XL: |  1  2  3  4  5  6  7  8  9 10 11 12 13 |
---------------+----------------------------------------+-----
Spellcasting   | 5 6 7 8 9 10 | 10.0
Invocations    | 1 2 3 4 5 6 7 8 9 |  9.4
Fighting       | 1 2 3 4 5 6 7 8 |  8.6
Short Blades   | 1 2 3 4 5 6 7 8 |  8.6
Long Blades    | 1 2 3 4 5 6 7 8 |  8.6
Axes           | 1 2 3 4 5 6 7 8 |  8.6
Maces & Flails | 1 2 3 4 5 6 7 8 |  8.6
Polearms       | 1 2 3 4 5 6 7 8 |  8.6
Staves         | 1 2 3 4 5 6 7 8 |  8.6
Slings         | 1 2 3 4 5 6 7 8 |  8.6
Bows           | 1 2 3 4 5 6 7 8 |  8.6
Crossbows      | 1 2 3 4 5 6 7 8 |  8.6
Throwing       | 1 2 3 4 5 6 7 8 |  8.6
Armour         | 1 2 3 4 5 6 7 8 |  8.6
Shields        | 1 2 3 4 5 6 7 8 |  8.6
Unarmed Combat | 1 2 3 4 5 6 7 8 |  8.6
Evocations     | 1 2 3 4 5 6 7 8 |  8.6
Hexes          | 1 2 3 4 5 6 7 |  7.2
Charms         | 1 2 3 4 5 6 7 |  7.2
Summonings     | 1 2 3 4 5 6 7 |  7.2
Necromancy     | 1 2 3 4 5 6 7 |  7.2
Translocations | 1 2 3 4 5 6 7 |  7.2
Transmutations | 1 2 3 4 5 6 7 |  7.2
Fire Magic     | 1 2 3 4 5 6 7 |  7.2
Ice Magic      | 1 2 3 4 5 6 7 |  7.2
Air Magic      | 1 2 3 4 5 6 7 |  7.2
Earth Magic    | 1 2 3 4 5 6 7 |  7.2
Poison Magic   | 1 2 3 4 5 6 7 |  7.2
Dodging        | 5 6 7 8 9 |  9.8
Stealth        | 5 6 7 8 9 |  9.6
Conjurations   | 8 9 10 | 10.1

Action                   |  1- 3 |  4- 6 |  7- 9 | 10-12 | 13-15 || total
-------------------------+-------+-------+-------+-------+-------++-------
Melee: Dagger            |       |     5 |   152 |       |       ||   157
       Bite              |       |     1 |    28 |    29 |    29 ||    87
       Staff             |       |       |    17 |     3 |       ||    20
       Punch             |       |       |     1 |       |       ||     1
       Scythe            |       |       |       |   349 |   203 ||   552
Throw: Tomahawk          |       |       |       |     2 |       ||     2
 Cast: Magic Dart        |    70 |    84 |    87 |    67 |     5 ||   313
       Searing Ray       |       |    10 |    49 |    24 |    31 ||   114
       Mephitic Cloud    |       |       |     7 |    46 |    16 ||    69
       Iskenderun's Myst |       |       |    14 |    90 |    62 ||   166
 Abil: Draw Destruction  |       |     1 |     1 |     8 |     7 ||    17
       Draw Summoning    |       |       |     1 |     6 |     3 ||    10
       Draw Escape       |       |       |       |     1 |     2 ||     3
Evoke: Wand              |       |       |       |     7 |       ||     7
  Use: Scroll            |     3 |     6 |    10 |    12 |     4 ||    35
       Potion            |       |       |       |     3 |       ||     3
 Stab: Confused          |       |       |     4 |    20 |    21 ||    45
       Sleeping          |       |       |     2 |    12 |     1 ||    15
       Petrified         |       |       |       |       |     4 ||     4
       Distracted        |       |       |       |       |     1 ||     1
  Eat: Chunk             |     4 |     7 |    12 |    25 |    18 ||    66
       Ration            |       |       |     1 |     4 |     1 ||     6
Armor: Leather armour    |       |     4 |    55 |   121 |    24 ||   204
       Robe              |       |       |       |    37 |    35 ||    72
Dodge: Dodged            |     7 |     9 |   160 |   500 |   287 ||   963
